 Dungeon Crawl Stone Soup version 0.30-a0-331-g8ab09dc110 (webtiles) character file.

Game seed: 1402856583642373775

8248 p00ps00p the Severer (level 11, -7/110 HPs)
             Began as a Hill Orc Fighter on Oct 30, 2022.
             Was an Initiate of Gozag.
             Mangled by a cyclops (30 damage)
             ... on level 10 of the Dungeon.
             The game lasted 00:28:30 (11962 turns).

p00ps00p the Severer (Hill Orc Fighter)            Turns: 11962, Time: 00:28:31

Health: -7/110     AC:  6    Str: 32    XL:     11   Next: 27%
Magic:  11/11      EV: 10    Int:  8    God:    Gozag
Gold:   340        SH: 15    Dex: 14    Spells: 7/10 levels left

rFire   . . .      SeeInvis .    a - +2 war axe (chaos)
rCold   . . .      Faith    .    c - +3 buckler
rNeg    + . .      Spirit   .    b - +0 scale mail
rPois   .          Reflect  +    (no helmet)
rElec   .          Harm     .    (no cloak)
rCorr   .          Rampage  .    (no gloves)
Will    .....                    (no boots)
Stlth   ..........               n - amulet of reflection
HPRegen 0.38/turn                u - +6 ring of strength
MPRegen 0.12/turn                r - ring of Daeq {rN+ Str+6}

@: studying Shields, invisible
A: no striking features
a: Renounce Religion, Potion Petition, Call Merchant, Bribe Branch


You were on level 10 of the Dungeon.
You worshipped Gozag.
Gozag was aware of your devotion.
You visited 2 branches of the dungeon, and saw 11 of its levels.
You also visited: Sewer and Bailey.

You collected 1206 gold pieces.
You spent 708 gold pieces at shops.
You paid 158 gold pieces to Gozag.

Inventory:

Hand Weapons
 a - a +2 war axe of chaos (weapon)
 j - a +2 demon whip of flaming
 C - a +0 broad axe
Missiles
 g - 16 boomerangs
 p - a throwing net (quivered)
 s - 14 poisoned darts
Armour
 b - a +0 scale mail (worn)
 c - a +3 buckler (worn)
Jewellery
 n - an amulet of reflection (around neck)
 r - the ring of Daeq (right hand) {rN+ Str+6}
   (You bought it in a shop on level 5 of the Dungeon)

   [ring of strength]

   Str:       It affects your strength (+6).
   rN:        It protects you from negative energy.
 u - a +6 ring of strength (left hand)
 z - an amulet of guardian spirit
 A - an amulet of the acrobat
Wands
 v - a wand of charming (5)
 x - a wand of roots (4)
 y - a wand of mindburst (15)
 J - a wand of polymorph (2)
Scrolls
 e - a scroll of fear
 i - a scroll of amnesia
 t - a scroll of silence {unknown}
 E - 3 scrolls of enchant armour
 F - a scroll of summoning
Potions
 d - 3 potions of might
 f - a potion of curing
 h - a potion of berserk rage
 k - 4 potions of degeneration
 l - 2 potions of brilliance
 m - 4 potions of magic
 o - 3 potions of haste
 q - a potion of lignification {unknown}
 w - 4 potions of mutation
 B - a potion of attraction {unknown}
 D - a potion of invisibility
 G - a potion of resistance {unknown}
 H - 2 potions of flight {unknown}


   Skills:
 - Level 14.1 Fighting
 + Level 17.5 Axes
 - Level 3.2 Armour
 + Level 12.7 Shields


You had 7 spell levels left.
You knew the following spells:

 Your Spells              Type           Power      Damage    Failure   Level
a - Mephitic Cloud        Conj/Pois/Air  0%         N/A       97%         3

Your spell library contained the following spells:

 Spells                   Type           Power      Damage    Failure   Level
 Magic Dart               Conj           0%         1d3       71%         1
 Call Imp                 Summ           0%         N/A       83%         2
 Cigotuvi's Dreadful Rot  Necr/Pois/Air  0%         N/A       83%         2
 Poisonous Vapours        Pois/Air       0%         N/A       83%         2
 Searing Ray              Conj           0%         2d4       83%         2
 Dazzling Flash           Conj/Hex       0%         N/A       97%         3
 Frozen Ramparts          Ice            0%         1d1       97%         3
 Gell's Gravitas          Tloc           0%         N/A       97%         3
 Lesser Beckoning         Tloc           0%         N/A       97%         3
 Teleport Other           Tloc           0%         N/A       97%         3
 Fulminant Prism          Conj/Hex       0%         3d5       100%        4
 Ice Form                 Ice/Tmut       0%         N/A       100%        4
 Summon Ice Beast         Ice/Summ       0%         N/A       100%        4
 Agony                    Necr           0%         N/A       100%        5
 Silence                  Hex/Air        0%         N/A       100%        5


Dungeon Overview and Level Annotations

Branches:
Dungeon (10/15)            Temple (1/1) D:7            Lair (0/5) D:9
  Sewer (visited)          Bailey (visited)
    Orc: D:9-12

Altars:
Ashenzari
Dithmenos
Elyvilon
Fedhas
Gozag
Hepliaklqana
Kikubaaqudgha
Makhleb
Nemelex Xobeh
Okawaru
Qazlal
Ru
Sif Muna
Trog
Uskayaw
Vehumet
Wu Jian
Xom
Yredelemnul
Zin
The Shining One

Shops:
D:5 =

Annotations:
D:3 2 runed translucent doors, Encipher's ghost, amateur GrRe


Message History

HP restored.
Found a potion of curing.
There is an open door here.
A cyclops breaks down the door.
The centaur warrior simulacrum hits you.
The centaur warrior simulacrum freezes you!!
The centaur warrior simulacrum kicks you but does no damage.
The centaur warrior simulacrum hits you!
The centaur warrior simulacrum freezes you!!
You block the centaur warrior simulacrum's attack.
You see here a potion of curing.
You slice the centaur warrior simulacrum!!
You melt the centaur warrior simulacrum.
The centaur warrior simulacrum is severely damaged.
You slash the cyclops! You freeze the cyclops.
The cyclops is moderately wounded.
You hit the cyclops but do no damage.
The cyclops is moderately wounded.
You hit the cyclops.
The cyclops goes berserk!
The cyclops is moderately wounded.
You block the cyclops's attack.
You slash the cyclops!
You feel better.
The cyclops is moderately wounded.
You hit the cyclops. You freeze the cyclops.
The cyclops is heavily wounded.
The cyclops hits you!!
* * * LOW HITPOINT WARNING * * *
You can't see any enemies this would affect, really read the scroll of fear? [Y]es or [N]o only, please.
You can't see any enemies this would affect, really read the scroll of fear? [Y]es or [N]o only, please.
You can't see any enemies this would affect, really read the scroll of fear? [Y]es or [N]o only, please.
You can't see any enemies this would affect, really read the scroll of fear?
Okay, then.
The cyclops attacks as you move away! You block the cyclops's attack.
You fade into invisibility!
The cyclops hits you!!
You die...
Your body crumbles into a pile of gold.

....##.........###+#...
######...###.### ..
#...# #.# . #...###.#
#...'...# #...#####
##'#########
#.###..'..##
#.##..###.@#
#.##)8#(#8C#
#.##'##?##Z#
#.))..#)#..8 $
#.#8..#[+...#
#+##+##$##'## #!#8.#
##..# ..##


You could see a cyclops (berserk, unable to see you) and a centaur warrior
simulacrum (unable to see you).

Vanquished Creatures
  3 two-headed ogres
  A manticore (D:9)
  An unseen horror (D:10)
  Grinder (D:5)
  2 wyverns (D:9)
  4 yaks (D:9)
  2 steam dragons
  An acid dragon (D:9)
  2 water moccasins
  Pargi (Sewer)
  5 orc warriors
  An ice beast (D:6)
  A black bear (D:6)
  A boggart (D:10)
  3 centaurs
  2 ogres
  A kobold brigand (D:7)
  A phantom (D:6)
  5 bullfrogs
  3 gnoll sergeants
  4 necrophages
  2 scorpions
  4 wights
  6 killer bees (D:9)
  4 howler monkeys
  4 electric eels (D:7)
  2 hounds (D:6)
  3 orc priests
  2 jellies (D:5)
  7 iguanas
  7 orc wizards
  25 gnolls
  11 adders
  A river rat (D:6)
  A shadow imp (D:8)
  A white imp (D:7)
  An ufetubus (D:5)
  3 worms
  2 dart slugs
  30 orcs
  12 endoplasms
  6 giant cockroaches
  16 hobgoblins
  2 jackals (D:2)
  5 quokkas
  11 ball pythons
  9 bats
  5 frilled lizards
  14 goblins
  28 kobolds
  3 rats
272 creatures vanquished.

Vanquished Creatures (collateral kills)
  A bullfrog (D:7)
  A wight (D:9)
  A goblin (D:7)
3 creatures vanquished.

Vanquished Creatures (others)
  A bullfrog (D:7)
  25 plants (D:7)
26 creatures vanquished.

Grand Total: 301 creatures vanquished

Notes
Turn   | Place    | Note
-------+----------+-------------------------------------------
     0 | D:1      | p00ps00p the Hill Orc Fighter began the quest for the Orb.
     0 | D:1      | Reached XP level 1. HP: 19/19 MP: 1/1
   111 | D:1      | Reached XP level 2. HP: 27/27 MP: 2/2
   504 | D:1      | Reached skill level 5 in Fighting
   504 | D:1      | Reached XP level 3. HP: 34/36 MP: 3/3
  1434 | D:2      | Reached XP level 4. HP: 35/44 MP: 4/4
  1696 | D:2      | Found a faded altar of an unknown god.
  2157 | D:3      | Reached XP level 5. HP: 51/51 MP: 5/5
  2385 | D:3      | Found a runed translucent door.
  2394 | D:3      | Noticed Encipher's ghost (amateur GrRe)
  2588 | D:3      | Reached XP level 6. HP: 46/61 MP: 6/6
  2686 | D:3      | Found a runed translucent door.
  3813 | D:5      | Entered Level 5 of the Dungeon
  3817 | D:5      | Found Qoargh's Jewellery Shop.
  4107 | D:5      | Reached XP level 7. HP: 22/70 MP: 7/7
  4374 | D:5      | Noticed Grinder
  4397 | D:5      | Killed Grinder
  4398 | D:5      | Reached skill level 10 in Fighting
  4807 | D:5      | Reached XP level 8. HP: 70/82 MP: 8/8
  5745 | D:6      | Reached XP level 9. HP: 60/93 MP: 9/9
  5827 | D:6      | Found a glowing drain.
  5832 | Sewer    | Entered a sewer
  6111 | Sewer    | Noticed Pargi
  6147 | Sewer    | Killed Pargi
  6329 | D:6      | Identified a scroll of acquirement
  6329 | D:6      | Acquired a manual of Axes
  6351 | D:6      | Reached skill level 3 in Axes
  6514 | D:6      | Reached skill level 4 in Axes
  6523 | D:6      | Reached skill level 5 in Axes
  6526 | D:6      | Reached skill level 6 in Axes
  6565 | D:6      | Reached skill level 7 in Axes
  6940 | D:7      | Reached skill level 8 in Axes
  7018 | D:7      | Found a flagged portal.
  7026 | D:7      | Reached skill level 9 in Axes
  7028 | Bailey   | Entered a bailey
  7040 | Bailey   | Noticed an orc warlord
  7130 | Bailey   | Found a runed translucent gate.
  7130 | Bailey   | Found a runed translucent gate.
  7131 | Bailey   | Found a runed translucent gate.
  7143 | Bailey   | Reached skill level 10 in Axes
  7506 | D:7      | Acquired a manual of Shields
  7557 | D:7      | Reached skill level 11 in Axes
  7595 | D:7      | Found a staircase to the Ecumenical Temple.
  7600 | Temple   | Entered the Ecumenical Temple
  7660 | Temple   | Became a worshipper of Gozag Ym Sagoz the Greedy
  8622 | D:8      | Reached skill level 5 in Shields
  8633 | D:8      | Reached skill level 12 in Axes
  8641 | D:8      | Reached XP level 10. HP: 79/103 MP: 10/10
  9217 | D:8      | Reached skill level 13 in Axes
  9616 | D:9      | HP: 2/103 [steam dragon/ball of steam (14)]
  9780 | D:9      | HP: 5/103 [steam dragon (8)]
 10128 | D:9      | Reached skill level 14 in Axes
 10270 | D:9      | Noticed a two-headed ogre
 10277 | D:9      | a two-headed ogre changed into a manticore
 10277 | D:9      | Noticed a manticore
 10279 | D:9      | Noticed a two-headed ogre
 10279 | D:9      | Killed a manticore
 10291 | D:9      | Killed a two-headed ogre
 10292 | D:9      | Reached skill level 15 in Axes
 10292 | D:9      | Reached skill level 10 in Shields
 10823 | D:9      | Found a staircase to the Lair.
 10834 | D:9      | Reached skill level 16 in Axes
 11069 | D:9      | Reached XP level 11. HP: 69/110 MP: 11/11
 11421 | D:9      | Learned a level 3 spell: Mephitic Cloud
 11524 | D:5      | Bought the ring of Daeq {rN+ Str+6} for 708 gold pieces
 11629 | D:10     | Entered Level 10 of the Dungeon
 11809 | D:10     | Noticed a two-headed ogre
 11815 | D:10     | Killed a two-headed ogre
 11816 | D:10     | Reached skill level 17 in Axes
 11819 | D:10     | Noticed a cyclops
 11827 | D:10     | Noticed a two-headed ogre
 11836 | D:10     | Killed a two-headed ogre
 11962 | D:10     | Mangled by a cyclops

Illustrated notes

Levels and vault maps discovered:
D:1:      minmay_arrival_pointy, layout_basic
D:2:      layout_basic, ebering_ecumenical_altar_petrified,
          minmay_misc_feat_square
D:3:      layout_loops_cross, ebering_ghost_sewer_f
D:4:      layout_basic
D:5:      layout_loops_corners, serial_shops, nicolae_shop_window_shopping,
          uniq_grinder
D:6:      layout_loops_ring, gup_sewer_entry_bowl
D:7:      layout_loops_ring, temple_doors_e, enter_bailey_3, serial_bayou,
          serial_bayou_lagoon_a, serial_bayou_shore_b, serial_bayou_shore_b,
          serial_bayou_pond_a, serial_bayou_pond_e
D:8:      layout_cave_pods, chequers_serial_rivers_micro_b, sigmund_army
D:9:      layout_loops_cross, lair_entry_dummy
D:10:     minmay_chambers_of_sixes, layout_basic,
          mainiacjoe_overflow_cross_hatched, minivault_1
Temple:   grunt_wide_crystal_templ

Skill      XL: |  1  2  3  4  5  6  7  8  9 10 11 |
---------------+----------------------------------+-----
Fighting       | 4 5 6 7 9 11 13 14 | 14.1
Axes           | 12 16 17 | 17.5
Shields        | 5 11 12 | 12.7
Armour         | |  3.2

Action                   |  1- 3 |  4- 6 |  7- 9 | 10-12 || total
-------------------------+-------+-------+-------+-------++-------
Melee: War axe           |    92 |   190 |   342 |   161 ||   785
Evoke: Wand              |       |       |     3 |     8 ||    11
  Use: Scroll            |       |    18 |    10 |     7 ||    35
       Potion            |       |       |     5 |     6 ||    11
 Stab: Distracted        |       |       |       |     1 ||     1
Armor: Scale mail        |    51 |    48 |   118 |    18 ||   235
Dodge: Dodged            |    51 |    76 |   119 |    43 ||   289
Block: Buckler           |    21 |   125 |   250 |   119 ||   515
       Reflection        |       |     6 |     8 |     7 ||    21

Table legend: (Time is in decaauts)
 A = Elapsed time spent in this place.
 B = Non-inter-level travel time spent in this place.
 C = Inter-level travel time spent in this place.
 D = Time resting spent in this place.
 E = Time spent auto-exploring this place.
 F = Levels seen in this place.
 G = Mean time per level.
                   A        B        C        D        E       F      G
               +--------+--------+--------+--------+--------+-----+--------+
         Total |  12216 |  11790 |    426 |   1674 |   7247 |  13 |  939.7 |
       Dungeon |  11103 |  10690 |    413 |   1389 |   6860 |  10 | 1110.3 |
        Temple |     73 |     60 |     13 |      0 |     37 |   1 |   73.0 |
         Sewer |    553 |    553 |      0 |    195 |    199 |   1 |  553.0 |
        Bailey |    485 |    485 |      0 |     90 |    150 |   1 |  485.0 |
               +--------+--------+--------+--------+--------+-----+--------+

Top non-repeatable levels by time:
     D:9: 1903 daAuts
     D:5: 1666 daAuts
     D:1: 1351 daAuts
     D:7: 1210 daAuts
     D:6: 1102 daAuts
     D:8: 983 daAuts
     D:3: 878 daAuts
     D:2: 858 daAuts
     D:4: 829 daAuts
   Sewer: 553 daAuts
  Bailey: 485 daAuts
    D:10: 319 daAuts
  Temple: 73 daAuts
